 Dungeon Crawl Stone Soup version 0.31-a0-600-g62dffe198b (webtiles) character file.

Game seed: 2649159542920460898

289 AdnanSaban the Cudgeller (level 6, 0/38 HPs)
             Began as a Gargoyle Fighter on Aug 21, 2023.
             Slain by an ogre
             ... wielding a +0 giant spiked club
              (6 damage)
             ... on level 4 of the Dungeon.
             The game lasted 00:02:10 (2549 turns).

AdnanSaban the Cudgeller (Gargoyle Fighter)         Turns: 2549, Time: 00:02:10

Health: 0/38       AC: 17    Str: 22    XL:     6   Next: 31%
Magic:  6/6        EV:  6    Int:  8    God:
Gold:   128        SH:  4    Dex:  9    Spells: 5/5 levels left

rFire   . . .        a - +0 flail
rCold   . . .        c - +0 buckler
rNeg    + . .        i - +0 plate armour
rPois   ∞            (no helmet)
rElec   +            (no cloak)
rCorr   .            j - +0 pair of gloves
SInv    +            (no boots)
Will    .....        (no amulet) Stlth
                     r - ring of see invisible
HPRegen 0.26/turn    (no ring)
MPRegen 0.10/turn

%: no passive effects
@: no status effects
A: sickness immunity, AC +4, negative energy resistance 1, electricity
resistance, torment resistance 1, petrification resistance
a: no special abilities


You were on level 4 of the Dungeon.
You visited 1 branch of the dungeon, and saw 4 of its levels.

You collected 128 gold pieces.

Inventory:

Hand Weapons
 a - a +0 flail (weapon)
Missiles
 o - 5 boomerangs
 t - 3 poisoned darts
Armour
 c - a +0 buckler (worn)
 i - a +0 plate armour (worn)
 j - a +0 pair of gloves (worn)
Jewellery
 r - a ring of see invisible (left hand)
 v - a ring of fire
Scrolls
 b - 2 scrolls of teleportation {unknown}
 f - a scroll of enchant armour {unknown}
 m - a scroll of revelation {unknown}
 p - a scroll of acquirement {unknown}
 u - a scroll of silence {unknown}
Potions
 d - a potion of might
 e - 2 potions of brilliance {unknown}
 g - a potion of ambrosia {unknown}
 h - a potion of invisibility {unknown}
 k - 3 potions of magic {unknown}
 l - 3 potions of curing {unknown}
 n - a potion of heal wounds {unknown}
 q - 2 potions of haste {unknown}
 s - a potion of degeneration {unknown}


   Skills:
 + Level 4.0 Fighting
 + Level 4.7 Maces & Flails
 + Level 4.5 Armour
 + Level 4.2 Shields


You had 5 spell levels left.
You didn't know any spells.
Your spell library contained the following spells:

 Spells                   Type           Power      Damage    Failure   Level
 Apportation              Tloc           0%         N/A       100%        1
 Necrotise                Necr           0%         1d4       100%        1
 Summon Small Mammal      Summ           0%         N/A       100%        1


Dungeon Overview and Level Annotations

Branches:
Dungeon (4/15)
 Temple: D:4-7

Altars:


Innate Abilities, Weirdness & Mutations

You are immune to sickness and miasma.
Your stone body is resilient. (AC +4)
You are immune to poison.
You resist negative energy. (rN+)
You are resistant to electric shocks. (rElec)
You are resistant to unholy torment.
You are immune to petrification.


Message History

No target in view!
No target in view!
No target in view!
No target in view!
An ogre comes into view. It is wielding a +0 giant spiked club.
The ogre shouts!
An ogre is nearby!
You sock the ogre!
The ogre is moderately wounded.
The ogre hits you with a +0 giant spiked club!
You sock the ogre!
The ogre is heavily wounded.
The ogre closely misses you.
You completely miss the ogre.
The ogre is heavily wounded.
The ogre hits you with a +0 giant spiked club!!
Ouch! That really hurt!
* * * LOW HITPOINT WARNING * * *
You are too injured to fight recklessly!
You are too injured to fight recklessly!
You are too injured to fight recklessly!
You are too injured to fight recklessly!
You are too injured to fight recklessly!
You are too injured to fight recklessly!
You are too injured to fight recklessly!
You are too injured to fight recklessly!
You are too injured to fight recklessly!
You are too injured to fight recklessly!
You are too injured to fight recklessly!
You are too injured to fight recklessly!
You are too injured to fight recklessly!
You are too injured to fight recklessly!
You are too injured to fight recklessly!
You are too injured to fight recklessly!
You are too injured to fight recklessly!
You are too injured to fight recklessly!
You hit the ogre but do no damage.
The ogre is heavily wounded.
The ogre hits you with a +0 giant spiked club.
You die...

.##....W# #.# #.....# #.#
###.... #.# #.##. #.# #. )# ###
####.# .. .. ..# #....### ###
## #.# #......# #######O#
#....#.# #.....#@####.#.#.#
########.###.#......#.#.#
#.....##)# #.######...#.#
#.....##.###.# #....#.#
#.....##.....#####.##...#
#.....##..##.#.....##.#########
#.†.<.'......#.######.........#
#.....######.....# #########.#
#####..........#.# #.#


You could see an ogre.

Vanquished Creatures
  A phantom (D:4)
  The ghost of Kiciri the Insei, an amateur DsSh of Vehumet (D:3)
  4 adders
  A dart slug (D:4)
  5 worms
  3 orcs
  8 bats
  7 endoplasms
  3 giant cockroaches
  3 goblins (D:3)
  7 hobgoblins
  5 jackals (D:1)
  6 kobolds
  3 quokkas
  12 ball pythons
  A frilled lizard (D:2)
  6 rats
76 creatures vanquished.

Notes
Turn   | Place    | Note
-------+----------+-------------------------------------------
     0 | D:1      | AdnanSaban the Gargoyle Fighter began the quest for the
                  | Orb.
     0 | D:1      | Reached XP level 1. HP: 14/14 MP: 1/1
    52 | D:1      | Reached XP level 2. HP: 19/19 MP: 2/2
   441 | D:1      | Reached XP level 3. HP: 23/23 MP: 3/3
   473 | D:1      | You fall into a shaft and drop 1 floor!
   761 | D:2      | Identified the +4 hand axe of Impermanence {heavy, rF+
                  | Int+4}
   939 | D:2      | Reached XP level 4. HP: 29/29 MP: 4/4
  1590 | D:3      | Found a faded altar of an unknown god.
  1642 | D:3      | Found a runed translucent door.
  1960 | D:3      | Reached XP level 5. HP: 33/33 MP: 5/5
  2323 | D:3      | Noticed Kiciri's ghost (amateur DsSh)
  2335 | D:3      | Killed Kiciri's ghost
  2369 | D:4      | Noticed a phantom
  2449 | D:4      | Killed a phantom
  2450 | D:4      | Reached XP level 6. HP: 33/38 MP: 6/6
  2549 | D:4      | Slain by an ogre

Illustrated notes

Levels and vault maps discovered:
D:1:      amcnicky_arrival_single_pillar, layout_basic
D:2:      kb_forest_paths, layout_basic
D:3:      layout_basic, ebering_ghost_reflecting_pool,
          chequers_ecumenical_altar_island
D:4:      kennysheep_the_goblin_king, layout_basic,
          nicolae_hepliaklqana_hippocampus

Skill      XL: |  1  2  3  4  5 |
---------------+----------------+-----
Shields        | 4 |  4.2
Maces & Flails | 3 4 |  4.7
Armour         | 4 |  4.5
Fighting       | 4 |  4.0

Action                     |  1- 3 |  4- 6 || total
---------------------------+-------+-------++-------
  Melee: Flail             |   142 |   107 ||   249
 Armour: Scale mail        |    25 |       ||    25
         Plate armour      |    90 |    48 ||   138
  Dodge: Dodged            |    54 |    36 ||    90
  Block: Buckler           |    42 |    21 ||    63

Table legend: (Time is in decaauts)
 A = Elapsed time spent in this place.
 B = Non-inter-level travel time spent in this place.
 C = Inter-level travel time spent in this place.
 D = Time resting spent in this place.
 E = Time spent auto-exploring this place.
 F = Levels seen in this place.
 G = Mean time per level.
                   A        B        C        D        E       F      G
               +--------+--------+--------+--------+--------+-----+--------+
         Total |   2622 |   2563 |     59 |      0 |   1989 |   4 |  655.5 |
       Dungeon |   2622 |   2563 |     59 |      0 |   1989 |   4 |  655.5 |
               +--------+--------+--------+--------+--------+-----+--------+

Top non-repeatable levels by time:
     D:2: 890 daAuts
     D:3: 880 daAuts
     D:1: 663 daAuts
     D:4: 188 daAuts
